 Dungeon Crawl Stone Soup version 0.21-a0-278-ga722497 (webtiles) character file.

36 tilp the Firebug (level 3, -2/26 HPs)
             Began as a Hill Orc Fire Elementalist on Sept 20, 2017.
             Slain by a worm (5 damage)
             ... on level 2 of the Dungeon.
             The game lasted 00:02:48 (1671 turns).

tilp the Firebug (Hill Orc Fire Elementalist)       Turns: 1671, Time: 00:02:48

Health: -2/26      AC:  2    Str: 10    XL:     3   Next: 37%
Magic:  1/5        EV: 12    Int: 16    God:
Gold:   59         SH:  0    Dex: 11    Spells: 2/5 levels left

rFire    . . .     SeeInvis .   a - +0 dagger
rCold    . . .     Gourm    .   (no shield)
rNeg     . . .     Faith    .   e - +0 robe
rPois    .         Spirit   .   (no helmet)
rElec    .         Reflect  .   (no cloak)
rCorr    .         Harm     .   (no gloves)
MR       .....                  (no boots)
Stlth    ++........             (no amulet)
HPRegen  0.08/turn              (no ring)
MPRegen  0.09/turn              (no ring)

@: very slightly contaminated
A: no striking features
a: no special abilities


You were on level 2 of the Dungeon.
You were not hungry.

You visited 1 branch of the dungeon, and saw 2 of its levels.

You collected 59 gold pieces.

Inventory:

Hand Weapons
 a - a +0 dagger (weapon)
Missiles
 k - 48 sling bullets
Armour
 e - a +0 robe (worn)
Jewellery
 i - an uncursed amulet of harm {unknown}
 l - an uncursed ring of stealth {unknown}
Scrolls
 d - a scroll of random uselessness {unknown}
 g - 4 scrolls of identify {unknown}
 h - a scroll of teleportation {unknown}
Potions
 j - a potion of resistance {unknown}
 m - a potion of flight {unknown}
 n - 2 potions of heal wounds {unknown}
 o - a potion of mutation {unknown}
Books
 b - a book of Flames

   Spells                             Type                      Level
   a - Flame Tongue                   Conjuration/Fire             1
   b - Throw Flame                    Conjuration/Fire             2
   c - Conjure Flame                  Conjuration/Fire             3
   d - Inner Flame                    Hexes/Fire                   3
   e - Sticky Flame                   Conjuration/Fire             4
   f - Fireball                       Conjuration/Fire             5
Comestibles
 c - 3 bread rations
 f - a chunk of flesh


   Skills:
 - Level 1.5 Dodging
 - Level 1.5 Stealth
 + Level 1.7 Spellcasting
 * Level 2.8 Conjurations
 + Level 3.5 Fire Magic


You had 2 spell levels left.
You knew the following spells:

 Your Spells              Type           Power        Failure   Level  Hunger
a - Flame Tongue          Conj/Fire      ##...        6%          1    ##.....
b - Throw Flame           Conj/Fire      ##....       9%          2    ###....


Dungeon Overview and Level Annotations

Branches:
Dungeon (2/15)

Altars:


Message History

The worm is almost dead.
The worm bites you but does no damage.
You hit the worm but do no damage.
The worm is almost dead.
Casting: Flame Tongue
Confirm with . or Enter, or press ? or * to list all spells.
You don't know that spell.
You barely miss the worm.
The worm is almost dead.
The worm bites you.
* * * LOW HITPOINT WARNING * * *
You hit the worm.
The worm is almost dead.
The worm completely misses you.
You hit the worm but do no damage.
The worm is almost dead.
You hit the worm.
The worm is almost dead.
The worm bites you.
You die...

....###########'#.####..##.......
..............#.#..............#.
.....########.#.##############.#.
............<.#.........### .#
.#....######..#..##........ ..
.#.##.#######.#..#....#.### #.
.................#...<#
##.##.#######.##.#....#
..........#....w@#....#
.......##.#.#.####....# .
..........#.#.........# ..
#####.#####........###########...
.........................w.......
..#.##########################.).
+.)......... .. #.########## .
#........#


You could see a worm.

Vanquished Creatures
  An adder (D:2)
  An ooze (D:1)
  A leopard gecko (D:1)
  2 giant cockroaches (D:1)
  4 goblins
  5 hobgoblins
  A quokka (D:2)
  3 kobolds
  2 rats (D:1)
20 creatures vanquished.

Notes
Turn   | Place    | Note
-------+----------+-------------------------------------------
     0 | D:1      | tilp the Hill Orc Fire Elementalist began the quest for the Orb.
     0 | D:1      | Reached XP level 1. HP: 14/14 MP: 3/3
   254 | D:1      | Reached XP level 2. HP: 13/20 MP: 0/4
  1341 | D:2      | Reached XP level 3. HP: 26/26 MP: 5/5
  1353 | D:2      | Learned a level 2 spell: Throw Flame
  1671 | D:2      | Slain by a worm

Vault maps used:
D:1:      dpeg_arrival_tiny_k
D:2:      first_bread

Skill      XL: |  1  2 |
---------------+-------+-----
Conjurations   | 2 |  2.8
Dodging        | |  1.5
Stealth        | |  1.5
Spellcasting   | |  1.7
Fire Magic     | |  3.5

Action                   || total
-------------------------++-------
Melee: Club              ||    17
       Dagger            ||    49
 Cast: Flame Tongue      ||    21
       Throw Flame       ||     1
 Stab: Sleeping          ||     3
  Eat: Chunk             ||     3
Armor: Robe              ||     8
Dodge: Dodged            ||    36

Table legend:
 A = Spawn XP
 B = Non-spawn XP
 C = Spawn XP percentage of total XP
 D = Spawn monster count
 E = Non-spawn monster count
 F = Spawn count percentage of total count
 G = Total turns spent on level
                    A         B        C        D         E        F      G
               +---------+---------+-------+---------+---------+-------+---------
         Total |       0 |      52 |   0.0 |       0 |      20 |   0.0 |  1671
               +---------+---------+-------+---------+---------+-------+---------
           D:1 |       0 |      32 |   0.0 |       0 |      15 |   0.0 |  1277
           D:2 |       0 |      20 |   0.0 |       0 |       5 |   0.0 |   394
               +---------+---------+-------+---------+---------+-------+---------
